 Dungeon Crawl Stone Soup version 0.20.1-1-g8b1a95d66d (webtiles) character file.

45 Jynx the Insei (level 3, -3/29 HPs)
             Began as a Draconian Transmuter on Dec 28, 2017.
             Slain by a hobgoblin (5 damage)
             ... led by Robin
             ... on level 2 of the Dungeon.
             The game lasted 00:02:46 (1069 turns).

Jynx the Insei (Draconian Transmuter)               Turns: 1069, Time: 00:02:47

Health: -3/29      AC:  5    Str: 12    XL:     3   Next: 42%
Magic:  6/6        EV: 12    Int: 13    God:
Gold:   76         SH:  0    Dex: 12    Spells: 5/6 levels left

rFire    . . .     SeeInvis .     - Unarmed
rCold    . . .     Gourm    .   (no shield)
rNeg     . . .     Faith    .   (armour unavailable)
rPois    .         Spirit   .   (helmet restricted)
rElec    .         Reflect  .   (no cloak)
rCorr    .         Harm     .   (no gloves)
MR       .....                  (no boots)
Stlth    +.........             (no amulet)
Regen    0.1/turn               (no ring)
MPRegen  0.1/turn               (no ring)

@: no status effects
A: unfitting armour, cold-blooded, AC +5
a: no special abilities


You were on level 2 of the Dungeon.
You were not hungry.

You visited 1 branch of the dungeon, and saw 2 of its levels.

You collected 76 gold pieces.

Inventory:

Missiles
 a - 91 arrows
Jewellery
 d - a cursed -6 ring of strength {unknown}
Scrolls
 e - a scroll of identify {unknown}
 g - 2 scrolls of fear {unknown}
 i - a scroll of amnesia {unknown}
 j - 2 scrolls of teleportation {unknown}
 o - 5 scrolls of random uselessness {unknown}
Potions
 f - a potion of might {unknown}
 l - a potion of brilliance {unknown}
 m - a potion of mutation {unknown}
 n - a potion of degeneration {unknown}
 p - a potion of curing {unknown}
Books
 b - a book of Changes

   Spells                             Type                      Level
   a - Beastly Appendage              Transmutation                1
   b - Sticks to Snakes               Transmutation                2
   c - Spider Form                    Transmutation/Poison         3
   d - Ice Form                       Ice/Transmutation            4
   e - Blade Hands                    Transmutation                5
Comestibles
 c - 4 bread rations
 h - a chunk of flesh
 k - a royal jelly


   Skills:
 + Level 2.1 Fighting
 - Level 1.7 Dodging
 + Level 3.3 Unarmed Combat
 - Level 2.0 Spellcasting
 * Level 3.1 Transmutations


You had 5 spell levels left.
You knew the following spells:

 Your Spells              Type           Power        Failure   Level  Hunger
a - Beastly Appendage     Tmut           #.....       7%          1    ##.....


Dungeon Overview and Level Annotations

Branches:
Dungeon (2/15)

Altars:

Annotations:
D:2 Robin


Innate Abilities, Weirdness & Mutations

Your plain brown scales are hard. (AC +5)
You cannot fit into any form of body armour.
You are cold-blooded and may be slowed by cold attacks.


Message History

* * * LOW HITPOINT WARNING * * *
The hobgoblin hits you but does no damage.
The goblin hits you but does no damage.
You barely miss the goblin.
The hobgoblin hits you but does no damage.
The goblin hits you but does no damage.
You hit the goblin but do no damage. The hobgoblin misses you.
The hobgoblin closely misses you.
You closely miss the goblin. The goblin closely misses you.
Robin roars a battlecry!
The goblins go into a battle-frenzy!
The hobgoblin closely misses you. The hobgoblin hits you.
* * * LOW HITPOINT WARNING * * *
An adder comes into view.
You hit the goblin.
The goblin is severely wounded.
The goblin hits you but does no damage.
The hobgoblin hits you but does no damage.
The hobgoblin hits you.
You die...

#####.# ..### ...##.# ###...##
... ..g##.######....... ....
.g....##........#####++#### ....
####.....#.#.#..##≈≈≈..≈≈≈###....
##.##.g.g..S###≈......≈#......
#.##.#.#g#.gg#≈......≈##.....
#.##.......#gg......).'......
#.##.#.#.#.#@g........'......
#.##.......###≈.....†≈#......
.........### #≈......≈#..#.##
.......... #≈≈≈..≈≈≈#....#.
......#.#..# ####++####...##.
..........## #..###.>.....
#.....#.#.# ######.#.........
.................
#................


You could see Robin, an adder, 2 hobgoblins and 2 goblins.

Vanquished Creatures
  An adder (D:2)
  A worm (D:2)
  A leopard gecko (D:1)
  3 giant cockroaches
  4 goblins (D:2)
  3 hobgoblins
  5 jackals
  2 bats (D:1)
  4 frilled lizards
  3 kobolds
  5 rats
32 creatures vanquished.

Notes
Turn   | Place    | Note
-------+----------+-------------------------------------------
     0 | D:1      | Jynx the Draconian Transmuter began the quest for the Orb.
     0 | D:1      | Reached XP level 1. HP: 16/16 MP: 3/3
   204 | D:1      | Reached XP level 2. HP: 20/23 MP: 3/5
   748 | D:2      | Reached XP level 3. HP: 17/29 MP: 4/6
  1038 | D:2      | Noticed Robin
  1068 | D:2      | HP: 1/29 [hobgoblin[Robin] (5)]
  1069 | D:2      | Slain by a hobgoblin

Skill      XL: |  1  2  3 |
---------------+----------+-----
Fighting       | 2 |  2.1
Transmutations | 3 |  3.1
Dodging        | |  1.7
Unarmed Combat | |  3.3
Spellcasting   | |  2.0

Action                   || total
-------------------------++-------
Melee: Unarmed           ||   108
       Tailslap          ||     8
       Kick              ||    15
       Headbutt          ||     2
 Cast: Beastly Appendage ||    18
  Eat: Chunk             ||     1
Armor: Skin              ||    40
Dodge: Dodged            ||    65
